 Dungeon Crawl Stone Soup version 0.27-a0-1186-g8b4daa1eef (webtiles) character file.

Game seed: 6561569525989669173

144 ZappyNine the Gusty (level 5, -3/61 HPs)
             Began as a Draconian Air Elementalist on May 19, 2021.
             Slain by a hornet zombie (5 damage)
             ... on level 4 of the Dungeon.
             The game lasted 00:07:20 (4371 turns).

ZappyNine the Gusty (Draconian Air Elementalist)    Turns: 4371, Time: 00:07:20

Health: -3/61      AC:  5    Str:  9 (10) XL:     5   Next: 5%
Magic:  2/8        EV: 16    Int: 13 (16) God:
Gold:   112        SH:  0    Dex:  9 (12) Spells: 2/8 levels left

rFire    . . .     SeeInvis .   h - staff of air
rCold    . . .     Faith    .   (no shield)
rNeg     . . .     Spirit   .   (armour unavailable)
rPois    .         Reflect  .   (helmet restricted)
rElec    +         Harm     .   (no cloak)
rCorr    .         Rampage  .   (no gloves)
Will     .....                  (no boots)
Stlth    ..........             (no amulet)
HPRegen  0.20/turn              m - +4 ring of evasion
MPRegen  0.11/turn              (no ring)

@: brilliant, berserking, very quick
A: AC +5, unfitting armour, cold-blooded
a: no special abilities


You were on level 4 of the Dungeon.
You visited 1 branch of the dungeon, and saw 4 of its levels.

You collected 134 gold pieces.
You spent 22 gold pieces at shops.

Inventory:

Hand Weapons
 a - a +0 dagger
 f - a +0 spear
Missiles
 o - 4 curare-tipped darts
Magical Staves
 h - a staff of air (weapon)
Jewellery
 m - a +4 ring of evasion (left hand)
Wands
 i - a wand of flame (18)
Scrolls
 d - 5 scrolls of identify
 g - 2 scrolls of teleportation
 k - a scroll of fear {unknown}
Potions
 b - a potion of mutation {unknown}
 c - 3 potions of degeneration
 e - a potion of might {unknown}
 j - a potion of brilliance
 n - a potion of curing {unknown}


   Skills:
 - Level 2.0 Fighting
 + Level 1.7 Staves
 - Level 1.7 Dodging
 - Level 1.7 Stealth
 - Level 2.1 Spellcasting
 - Level 2.7 Conjurations
 - Level 4.0 Air Magic


You had 2 spell levels left.
You knew the following spells:

 Your Spells              Type           Power      Damage    Failure   Level
a - Shock                 Conj/Air       88%        1d8       6%          1
b - Static Discharge      Conj/Air       22%        N/A       10%         2
c - Swiftness             Air            26%        N/A       14%         3

Your spell library contained the following spells:

 Spells                   Type           Power      Damage    Failure   Level
 Magic Dart               Conj           48%        1d5       9%          1
 Beastly Appendage        Tmut           4%         N/A       26%         1
 Blink                    Tloc           N/A        N/A       36%         2
 Call Imp                 Summ           2%         N/A       36%         2
 Slow                     Hex            2%         N/A       36%         2
 Wereblood                Tmut           2%         N/A       36%         2
 Mephitic Cloud           Conj/Pois/Air  16%        N/A       30%         3
 Conjure Flame            Conj/Fire      7%         6-21      41%         3
 Airstrike                Air            13%        N/A       43%         4
 Spider Form              Tmut/Pois      1%         N/A       58%         3
 Lightning Bolt           Conj/Air       11%        1d24      87%         5
 Ice Form                 Ice/Tmut       2%         N/A       94%         4
 Hydra Form               Tmut           1%         N/A       100%        5


Dungeon Overview and Level Annotations

Branches:
Dungeon (4/15)
 Temple: D:4-7

Altars:
Fedhas
Gozag
Makhleb
Xom

Shops:
D:3 ??[(:   D:4 =


Innate Abilities, Weirdness & Mutations

Your plain brown scales are hard. (AC +5)
You cannot fit into any form of body armour.
You are cold-blooded and may be slowed by cold attacks.


Message History

The hornet zombie is heavily damaged.
The hornet zombie misses you. The hornet zombie hits you!
Unknown command.
Unknown command.
Casting: Shock (safe; 5% risk of failure)
Confirm with . or Enter, or press ? or * to list all spells.
Aiming: Shock (safe; 5% risk of failure)
Press: ? - help, Shift-Dir - straight line You feel a surge of power!
The zap hits the hornet zombie but does no damage.
The hornet zombie is heavily damaged.
The zap hits the hornet zombie.
The hornet zombie is severely damaged.
The hornet zombie completely misses you.
Your magical contamination has completely faded away.
Unknown command.
You hit the hornet zombie but do no damage.
The hornet zombie is severely damaged.
The hornet zombie misses you.
Unknown command.
You barely miss the hornet zombie.
You tail-slap the hornet zombie, but do no damage.
The hornet zombie is severely damaged.
The hornet zombie hits you!
* * * LOW HITPOINT WARNING * * *
The hornet zombie hits you.
* * * LOW HITPOINT WARNING * * *
It was a potion of degeneration.
There was something very wrong with that liquid.
You feel weakened.
You feel dopey.
You feel clumsy. The hornet zombie closely misses you.
It was a potion of brilliance.
You feel clever all of a sudden.
The hornet zombie completely misses you.
The hornet zombie hits you.
* * * LOW HITPOINT WARNING * * *
It was a potion of berserk rage.
A red film seems to cover your vision as you go berserk!
You feel yourself moving faster!
You feel mighty! The hornet zombie hits you.
You die...

#....................
####..)..............
#.#<#####..########
#..[......∩........
###.#####........#
#.# #...######.# #.#
#.#$.....#
#.###Z#.#.##.#
#....@.......
#####.#.#.### #.#.#..
#.#.# ## ..#.. #####


You could see a hornet zombie.

Vanquished Creatures
  Ijyb (D:3)
  Robin (D:2)
  An adder (D:2)
  A worm (D:2)
  4 dart slugs
  3 orcs (D:3)
  10 endoplasms
  A giant cockroach (D:2)
  18 goblins
  7 hobgoblins
  3 jackals (D:1)
  5 kobolds
  3 quokkas
  4 ball pythons
  2 bats
  3 frilled lizards
  4 rats
71 creatures vanquished.

Vanquished Creatures (others)
  An adder (D:3)
  A worm (D:3)
  A giant cockroach (D:3)
  2 hobgoblins (D:3)
  A ball python (D:3)
6 creatures vanquished.

Grand Total: 77 creatures vanquished

Notes
Turn   | Place    | Note
-------+----------+-------------------------------------------
     0 | D:1      | ZappyNine the Draconian Air Elementalist began the quest
                  | for the Orb.
     0 | D:1      | Reached XP level 1. HP: 14/14 MP: 3/3
   155 | D:1      | Found a faded altar of an unknown god.
   363 | D:1      | Reached XP level 2. HP: 19/20 MP: 5/5
  1087 | D:1      | Learned a level 2 spell: Static Discharge
  1359 | D:2      | Reached XP level 3. HP: 22/26 MP: 6/6
  1956 | D:2      | Found a blossoming altar of Fedhas.
  2052 | D:2      | Reached skill level 4 in Air Magic
  2312 | D:2      | Learned a level 3 spell: Swiftness
  2338 | D:2      | Noticed Robin
  2342 | D:2      | Reached XP level 4. HP: 34/34 MP: 3/7
  2347 | D:2      | Reached skill level 1 in Fighting
  2353 | D:2      | Killed Robin
  3032 | D:3      | Found an opulent altar of Gozag.
  3032 | D:3      | Found a burning altar of Makhleb.
  3181 | D:3      | Found Bafuc's Book Shop.
  3216 | D:3      | Found Ubroq's Antique Weapon Shop.
  3639 | D:3      | Found Moowisirch's Magic Scroll Shop.
  3650 | D:3      | Found Womaxigh's Magic Scroll Emporium.
  3651 | D:3      | Bought a scroll of identify for 22 gold pieces
  3658 | D:3      | Identified a scroll of acquirement
  3658 | D:3      | Acquired a staff of air
  3661 | D:3      | Noticed Ijyb
  3869 | D:3      | Killed Ijyb
  3870 | D:3      | Reached skill level 1 in Staves
  4007 | D:3      | Found Jaruut's Armour Shop.
  4011 | D:3      | Found a shimmering altar of Xom.
  4027 | D:3      | Reached XP level 5. HP: 40/41 MP: 8/8
  4307 | D:4      | Found Teheh's Jewellery Boutique.
  4370 | D:4      | HP: 1/41 [hornet zombie (4)]
  4371 | D:4      | Slain by a hornet zombie

Illustrated notes

Levels and vault maps discovered:
D:1:      lightli_iron_boxes, layout_loops_ring,
          chequers_ecumenical_altar_simple
D:2:      layout_basic, basic_altar, chequers_serial_rivers_micro_c, uniq_robin
D:3:      kennysheep_the_goblin_king, layout_basic, xom_confusion_cloud,
          amethyst_overflow_temple_binary, serial_shops, shop, shop,
          nicolae_shop_behind_doors, nicolae_shop_statue_plus,
          nicolae_shop_behind_doors, minivault_23
D:4:      layout_basic, kennysheep_mini_moat, serial_shops, shop

Skill      XL: |  1  2  3  4 |
---------------+-------------+-----
Conjurations   | 2 |  2.7
Air Magic      | 4 |  4.0
Fighting       | 2 |  2.0
Staves         | 1 |  1.7
Dodging        | |  1.7
Stealth        | |  1.7
Spellcasting   | |  2.1

Action                   |  1- 3 |  4- 6 || total
-------------------------+-------+-------++-------
Melee: Dagger            |    25 |       ||    25
       Tailslap          |     9 |     5 ||    14
       Unarmed           |     2 |       ||     2
       Spear             |    86 |    43 ||   129
       Staff             |       |    25 ||    25
 Cast: Shock             |    14 |    17 ||    31
       Static Discharge  |     1 |     2 ||     3
  Use: Scroll            |       |     4 ||     4
       Potion            |       |     3 ||     3
 Stab: Sleeping          |     3 |     4 ||     7
Armor: Skin              |    23 |    14 ||    37
Dodge: Dodged            |    70 |    49 ||   119

Table legend: (Time is in decaauts)
 A = Elapsed time spent in this place.
 B = Non-inter-level travel time spent in this place.
 C = Inter-level travel time spent in this place.
 D = Time resting spent in this place.
 E = Time spent auto-exploring this place.
 F = Levels seen in this place.
 G = Mean time per level.
                   A        B        C        D        E       F      G
               +--------+--------+--------+--------+--------+-----+--------+
         Total |   4390 |   4322 |     68 |    756 |   3025 |   4 | 1097.5 |
       Dungeon |   4390 |   4322 |     68 |    756 |   3025 |   4 | 1097.5 |
               +--------+--------+--------+--------+--------+-----+--------+

Top non-repeatable levels by time:
     D:2: 1513 daAuts
     D:3: 1459 daAuts
     D:1: 1353 daAuts
     D:4: 64 daAuts
